 Dungeon Crawl Stone Soup version 0.31-a0-233-g139696dc86 (webtiles) character file.

Game seed: 13887620624284410744

287 qw the Shooter (level 6, 0/37 HPs)
             Began as a Gargoyle Hexslinger on July 7, 2023.
             Slain by an ogre
             ... wielding a +0 giant club
              (16 damage)
             ... on level 4 of the Dungeon.
             The game lasted 00:01:14 (2861 turns).

qw the Shooter (Gargoyle Hexslinger)                Turns: 2861, Time: 00:01:15

Health: 0/37       AC: 11    Str: 17    XL:     6   Next: 30%
Magic:  7/7        EV: 11    Int: 14    God:
Gold:   156        SH:  0    Dex: 14    Spells: 6/7 levels left

rFire   . . .        Y - +1 sling
rCold   . . .        (no shield)
rNeg    + . .        b - +2 ring mail {Will+}
rPois   inf          (no helmet)
rElec   +            (no cloak)
rCorr   .            (no gloves)
SInv    .            (no boots)
Will    +....        (no amulet)
Stlth   +            c - +6 ring of strength
HPRegen 0.26/turn    (no ring)
MPRegen 0.10/turn

%: no passive effects
@: no status effects
A: sickness immunity, AC +4, negative energy resistance 1, electricity
resistance, torment resistance 1, petrification resistance
a: no special abilities


You were on level 4 of the Dungeon.
You visited 1 branch of the dungeon, and saw 4 of its levels.

You collected 156 gold pieces.


Innate Abilities, Weirdness & Mutations

You are immune to sickness and miasma.
Your stone body is resilient. (AC +4)
You are immune to poison.
You resist negative energy. (rN+)
You are resistant to electric shocks. (rElec)
You are resistant to unholy torment.
You are immune to petrification.


   Skills:
 - Level 3.1 Fighting
 + Level 5.6 Ranged Weapons
 - Level 1.1 Armour
 - Level 1.5 Dodging
 - Level 1.0 Spellcasting
 - Level 2.6 Hexes


You had 6 spell levels left.
You knew the following spells:

 Your Spells              Type           Power      Damage    Failure   Level
a - Slow                  Hex            32%        N/A       16%         1

Your spell library contained the following spells:

 Spells                   Type           Power      Damage    Failure   Level
 Inner Flame              Hex/Fire       4%         N/A       63%         3
 Portal Projectile        Hex/Tloc       8%         N/A       63%         3
 Cause Fear               Hex            4%         N/A       85%         4

Inventory:

Hand Weapons
 Y - a +1 sling (weapon)
Armour
 b - a +2 ring mail of willpower (worn)
Jewellery
 c - a +6 ring of strength (left hand)
 g - a ring of ice
 h - an amulet of reflection
Scrolls
 f - 3 scrolls of identify
Potions
 d - a potion of enlightenment {unknown}
 e - a potion of attraction {unknown}
 i - a potion of invisibility {unknown}
 j - 2 potions of curing

Dungeon Overview and Level Annotations

Branches:
Dungeon (4/15)
 Temple: D:4-7

Altars:

Annotations:
D:3 3 runed translucent doors, qw's ghost, amateur GrHs; qw's ghost, weakling MiHs


Message History

You shoot a sling bullet.
The sling bullet barely misses the ogre.
The ogre shouts!
You shoot a sling bullet. The sling bullet hits the ogre.
The ogre is lightly wounded.
You shoot a sling bullet. The sling bullet hits the ogre.
The ogre is moderately wounded.
You shoot a sling bullet.
The sling bullet hits the ogre but does no damage.
The ogre is moderately wounded.
You shoot a sling bullet.
The sling bullet barely misses the ogre.
You shoot a sling bullet.
The sling bullet barely misses the ogre.
The ogre barely misses you.
You shoot a sling bullet. The sling bullet hits the ogre!
The ogre is heavily wounded.
The ogre closely misses you.
You shoot a sling bullet.
The sling bullet barely misses the ogre.
You shoot a sling bullet. The sling bullet hits the ogre.
The ogre is severely wounded.
The ogre closely misses you.
You shoot a sling bullet.
The sling bullet hits the ogre but does no damage.
The ogre is severely wounded.
The ogre hits you with a +0 giant club!!
Ouch! That really hurt!
You shoot a sling bullet.
The sling bullet barely misses the ogre.
The ogre closely misses you.
You shoot a sling bullet.
The sling bullet barely misses the ogre.
The ogre barely misses you.
You shoot a sling bullet. The sling bullet hits the ogre.
The ogre is severely wounded.
You shoot a sling bullet.
The sling bullet closely misses the ogre.
The ogre hits you with a +0 giant club!
You die...

#. #+# #. #.#
#.########## #.#
#....<.....###.##
#..###.###.##...###
#..##..............
#.O....###.##...###
#@#######.###.##
#.........# #.#
########### #.# #.#
#.# #.#### #.##..
#.##.# #.....


You could see an ogre.

Vanquished Creatures
  A phantom (D:4)
  A jelly (D:4)
  An iguana (D:3)
  An orc wizard (D:2)
  4 adders (D:2)
  2 worms
  5 dart slugs
  5 orcs
  4 bats
  6 endoplasms
  3 giant cockroaches
  6 hobgoblins
  12 jackals
  3 kobolds
  2 quokkas
  4 ball pythons
  2 frilled lizards
  6 goblins
  2 rats
70 creatures vanquished.

Notes
Turn   | Place    | Note
-------+----------+-------------------------------------------
     0 | D:1      | qw the Gargoyle Hexslinger began the quest for the Orb.
     0 | D:1      | Reached XP level 1. HP: 12/12 MP: 2/2
     0 | D:1      | 0 ||| qw: Version: 0.3-a-46-gb1f654a
     0 | D:1      | 0 ||| qw: Game counter: 3142
     0 | D:1      | 0 ||| qw: Melee chars always use a shield: true
     0 | D:1      | 0 ||| qw: God list: Okawaru
     0 | D:1      | 0 ||| qw: Allow faded altars: false
     0 | D:1      | 0 ||| qw: Do Orc after clearing Dungeon:15 true
     0 | D:1      | 0 ||| qw: Do second Lair branch before Depths: true
     0 | D:1      | 0 ||| qw: Lair rune preference: random
     0 | D:1      | 0 ||| qw: Goals: Normal
     0 | D:1      | 0 ||| PLANNING D:1-11
   138 | D:1      | Reached XP level 2. HP: 10/16 MP: 3/3
   192 | D:1      | Reached skill level 3 in Ranged Weapons
   286 | D:1      | Reached XP level 3. HP: 21/21 MP: 4/4
   593 | D:1      | 593 ||| READING scroll labelled UZXAH ECHUSUT.
   594 | D:1      | 594 ||| READING 2 scrolls labelled RUQ EHOESTEAL.
   595 | D:1      | 595 ||| READING 2 scrolls labelled PURETW GERAAHOA.
   600 | D:1      | 600 ||| DROPPING scroll of poison.
   601 | D:1      | 601 ||| DROPPING scroll of amnesia.
   776 | D:2      | Reached XP level 4. HP: 19/26 MP: 5/5
   776 | D:2      | 776 ||| FLEEEEING.
   889 | D:2      | Reached skill level 4 in Ranged Weapons
  1182 | D:2      | 1182 ||| UPGRADING to +0 leather armour.
  1192 | D:2      | 1192 ||| UPGRADING to +2 ring mail of willpower.
  1202 | D:2      | 1202 ||| DROPPING +0 leather armour.
  1203 | D:2      | 1203 ||| DROPPING +0 robe.
  1204 | D:2      | 1204 ||| READING scroll labelled WECKIOF NEELU.
  1205 | D:2      | 1205 ||| READING scroll labelled ZUIDDO RUAS.
  1306 | D:2      | 1306 ||| DRINKING 4 gluggy blue potions.
  1343 | D:3      | 1343 ||| STAIRDANCE
  1357 | D:2      | Reached skill level 1 in Armour
  1393 | D:3      | 1393 ||| STAIRDANCE
  1442 | D:3      | 1442 ||| DRINKING 3 potions of curing.
  1442 | D:3      | 1442 ||| (to cure confusion)
  1445 | D:3      | 1445 ||| STAIRDANCE
  1450 | D:2      | Reached XP level 5. HP: 26/30 MP: 6/6
  1546 | D:3      | HP: 2/30 [iguana (8)]
  1547 | D:3      | 1547 ||| READING scroll of teleportation.
  1549 | D:3      | Reached skill level 5 in Ranged Weapons
  1849 | D:3      | Found a runed translucent gate.
  1850 | D:3      | Found a runed translucent gate.
  1851 | D:3      | Found a runed translucent gate.
  1853 | D:3      | Noticed qw's ghost (amateur GrHs)
  1853 | D:3      | Noticed qw's ghost (weakling MiHs)
  1853 | D:3      | Noticed qw's ghost (weakling MiHs)
  2457 | D:3      | 2457 ||| UPGRADING to +6 ring of strength.
  2458 | D:3      | 2458 ||| READING 2 scrolls of identify.
  2458 | D:3      | 2458 ||| IDENTIFYING emerald potion
  2496 | D:4      | Reached skill level 3 in Fighting
  2651 | D:4      | Noticed a phantom
  2691 | D:4      | HP: 8/32 [phantom (3)]
  2692 | D:4      | 2692 ||| DRINKING potion of heal wounds.
  2703 | D:4      | Killed a phantom
  2704 | D:4      | Reached XP level 6. HP: 25/37 MP: 7/7
  2861 | D:4      | Slain by an ogre

Levels and vault maps discovered:
D:1:      nagdon_arrival_zigzag_paths, layout_basic
D:2:      layout_basic, kennysheep_generic_room_4
D:3:      layout_loops_corners, gammafunk_ghost_cemetery
D:4:      minmay_door_path, layout_loops_corners, grunt_ministairs_2

Skill      XL: |  1  2  3  4  5 |
---------------+----------------+-----
Ranged Weapons | 3 4 5 |  5.6
Fighting       | 2 3 |  3.1
Armour         | 1 |  1.1
Dodging        | |  1.5
Spellcasting   | |  1.0
Hexes          | |  2.6

Action                     |  1- 3 |  4- 6 || total
---------------------------+-------+-------++-------
   Fire: Sling             |    80 |   250 ||   330
    Use: Scroll            |     3 |     4 ||     7
         Potion            |       |     3 ||     3
 Armour: Robe              |    24 |     2 ||    26
         Ring mail         |       |   106 ||   106
  Dodge: Dodged            |    37 |   128 ||   165

Table legend:
 A = Non-vault XP
 B = Vault XP
 C = Vault XP percentage of total XP
 D = Non-vault monster count
 E = Vault monster count
 F = Vault count percentage of total count
                 A         B        C        D         E       F
            +---------+---------+-------+---------+---------+-------
      Total |     408 |       3 |   0.7 |      68 |       2 |   2.9
            +---------+---------+-------+---------+---------+-------
        D:1 |      43 |       0 |   0.0 |      22 |       0 |   0.0
        D:2 |     128 |       1 |   0.8 |      23 |       1 |   4.2
        D:3 |      79 |       0 |   0.0 |      18 |       0 |   0.0
        D:4 |     158 |       2 |   1.2 |       5 |       1 |  16.7
            +---------+---------+-------+---------+---------+-------
